 Dungeon Crawl Stone Soup version 0.19.0 (webtiles) character file.

162 TheGoonsmith the Cudgeler (level 5, -2/41 HPs)
             Began as a Demonspawn Gladiator on Nov 15, 2016.
             Slain by a gnoll
             ... wielding a +0 halberd
              (11 damage)
             ... on level 2 of the Dungeon.
             The game lasted 00:02:31 (2792 turns).

TheGoonsmith the Cudgeler (Demonspawn Gladiator)    Turns: 2792, Time: 00:02:31

Health: -2/41      AC:  4    Str: 16    XL:     5   Next: 19%
Magic:  5/5        EV: 12    Int:  9    God:
Gold:   80         SH:  0    Dex: 14    Spells: 0 memorised, 4 levels left

rFire  + . .     SeeInvis .     a - +0 flail
rCold  . . .     Gourm    .     b - +0 leather armour
rNeg   . . .     Faith    .     (no shield)
rPois  .         Spirit   .     c - +0 helmet
rElec  .         Reflect  .     (no cloak)
rCorr  .         Harm     .     (no gloves)
MR     .....                    (no boots)
Stlth  +.........               (no amulet)
                                (no ring)
                                (no ring)

@: very slightly contaminated, hasted, very quick
A: fire resistance 1, flame cloud immunity
a: no special abilities


You were on level 2 of the Dungeon.
You were not hungry.

You visited 1 branch of the dungeon, and saw 3 of its levels.

You collected 80 gold pieces.

Inventory:

Hand Weapons
 a - a +0 flail (weapon)
Missiles
 d - 3 throwing nets (quivered)
Armour
 b - a +0 leather armour (worn)
 c - a +0 helmet (worn)
Scrolls
 e - a scroll of blinking {unknown}
 h - a scroll of teleportation {unknown}
 i - a scroll of magic mapping {unknown}
 j - a scroll of fog {unknown}
 n - 3 scrolls of remove curse {unknown}
Potions
 k - a potion of haste
 m - a potion of resistance {unknown}
 o - 2 potions of heal wounds {unknown}
 p - 2 potions of ambrosia {unknown}
Comestibles
 f - 2 bread rations
 g - 2 beef jerkies
 l - a meat ration


   Skills:
 + Level 3.5 Fighting
 * Level 4.6 Maces & Flails
 - Level 1.7 Throwing
 - Level 2.6 Dodging


You had 4 spell levels left.
You didn't know any spells.

Dungeon Overview and Level Annotations

Branches:
Dungeon (3/15)

Altars:
Vehumet


Innate Abilities, Weirdness & Mutations

Your flesh is heat resistant. (rF+)
You are immune to clouds of flame.


Message History

The gnoll is moderately wounded.
The gnoll hits you with a club.
* * * LOW HITPOINT WARNING * * *
You thump the gnoll!
You kill the gnoll!
The gnoll barely misses you. The gnoll misses you.
You see here a club.
You hit the gnoll.
The gnoll is moderately wounded.
You barely miss the gnoll.
The gnoll is moderately wounded.
The gnoll hits you with a halberd.
* * * LOW HITPOINT WARNING * * *
You closely miss the gnoll.
The gnoll is moderately wounded.
You hit the gnoll but do no damage.
The gnoll is moderately wounded.
The gnoll hits you with a halberd!
You die...

#......# #......#### #......#
#....#....###
#......############....####...##
#...............................
#......###..#########.##########
#.>....# #...# #.# # #......#
#.#.### #.########## #......#
#.#...### #.#.........
######.####.###g@># #.#.........
#.........#.#####)####...........
#.........#...###...#............
#.....)...###..####.#..#...#...##
#.........# #...###...###.###..##
#.........# #..........#...#....#
#####<..#####...#........_....#..
#...##........##...#...#..##.
#......######.##..###.###..#.


You could see a gnoll.

Vanquished Creatures
  Natasha (twice) (D:2)
  2 gnolls (D:2)
  4 adders (D:2)
  3 worms (D:2)
  2 dart slugs (D:1)
  A leopard gecko (D:1)
  A giant cockroach (D:2)
  6 goblins
  5 hobgoblins
  7 jackals (D:1)
  2 kobolds (D:1)
  5 bats
  8 rats
48 creatures vanquished.

Notes
Turn   | Place    | Note
-------+----------+-------------------------------------------
     0 | D:1      | TheGoonsmith the Demonspawn Gladiator began the quest for the Orb.
     0 | D:1      | Reached XP level 1. HP: 16/16 MP: 1/1
    50 | D:1      | Reached skill level 3 in Maces & Flails
    53 | D:1      | Gained mutation: Your flesh is heat resistant. (rF+) [demonic ancestry]
    53 | D:1      | Reached XP level 2. HP: 5/23 MP: 2/2
   776 | D:1      | Reached XP level 3. HP: 26/28 MP: 3/3
  1610 | D:2      | Noticed Natasha
  1616 | D:2      | Killed Natasha
  1616 | D:2      | Gained mutation: You are immune to clouds of flame. [demonic ancestry]
  1616 | D:2      | Reached XP level 4. HP: 18/35 MP: 4/4
  1818 | D:2      | Reached skill level 4 in Maces & Flails
  1826 | D:2      | Noticed Natasha
  2067 | D:2      | Found a radiant altar of Vehumet.
  2386 | D:2      | Killed Natasha
  2552 | D:2      | Reached XP level 5. HP: 17/41 MP: 5/5
  2792 | D:2      | Slain by a gnoll

Skill      XL: |  1  2  3  4 |
---------------+-------------+-----
Maces & Flails | 3 4 |  4.6
Fighting       | 3 |  3.5
Throwing       | |  1.7
Dodging        | |  2.6

Action                   |  1- 3 |  4- 6 || total
-------------------------+-------+-------++-------
Melee: Flail             |   148 |    65 ||   213
       Unarmed           |       |     2 ||     2
  Use: Potion            |       |     1 ||     1
  Eat: Chunk             |     2 |     4 ||     6
Armor: Leather armour    |    70 |    24 ||    94
Dodge: Dodged            |   138 |    50 ||   188
